 Dungeon Crawl Stone Soup version 0.30-a0-964-gd452b5e7fa (webtiles) character file.

Game seed: 13289066172695998840

25 vishdafish the Conjurer (level 2, -7/19 HPs)
             Began as a Demonspawn Conjurer on Mar 30, 2023.
             Mangled by Sigmund
             ... wielding a +1 scythe of protection
              (12 damage)
             ... on level 2 of the Dungeon.
             The game lasted 00:02:09 (1021 turns).

vishdafish the Conjurer (Demonspawn Conjurer)       Turns: 1021, Time: 00:02:09

Health: -7/19      AC:  2    Str:  4 (7)  XL:     2   Next: 82%
Magic:  2/5        EV: 12    Int: 18 (19) God:
Gold:   29         SH:  0    Dex: 10 (11) Spells: 5/6 levels left

rFire   . . .      SeeInvis .    c - +0 whip
rCold   . . .      Faith    .    (no shield)
rNeg    . . .      Spirit   .    a - +0 robe
rPois   .          Reflect  .    (no helmet)
rElec   .          Rampage  .    (no cloak)
rCorr   .                        (no gloves)
Will    .....                    (no boots)
Stlth   +                        (no amulet)
HPRegen 0.23/turn                (no ring)
MPRegen 0.09/turn                (no ring)

@: confused
A: hooves 1
a: no special abilities


You were on level 2 of the Dungeon.
You visited 1 branch of the dungeon, and saw 2 of its levels.

You collected 29 gold pieces.

Inventory:

Hand Weapons
 c - a +0 whip (weapon)
Armour
 a - a +0 robe (worn)
Scrolls
 d - a scroll of blinking {unknown}
 f - a scroll of poison {unknown}
 g - a scroll of amnesia {unknown}


   Skills:
 - Level 1.7 Dodging
 - Level 1.7 Stealth
 + Level 2.6 Spellcasting
 + Level 4.4 Conjurations


You had 5 spell levels left.
You knew the following spells:

 Your Spells              Type           Power      Damage    Failure   Level
a - Magic Dart            Conj           72%        1d6       2%          1

Your spell library contained the following spells:

 Spells                   Type           Power      Damage    Failure   Level
 Searing Ray              Conj           36%        2d5       4%          2
 Dazzling Flash           Conj/Hex       20%        N/A       21%         3
 Fulminant Prism          Conj/Hex       5%         3d7       56%         4
 Iskenderun's Mystic Bla  Conj/Tloc      10%        2d4       56%         4


Dungeon Overview and Level Annotations

Branches:
Dungeon (2/15)

Altars:
Qazlal

Annotations:
D:2 Sigmund


Innate Abilities, Weirdness & Mutations

You have large cloven feet.


Message History

Aim: a rat (100% to hit)
The magic dart hits something but does no damage.
Something hits you but does no damage.
Aiming: Magic Dart (safe; 2% risk of failure)
Press: ? - help, Q - select action Shift-Dir - straight line, f/p - rat
Aim: a rat (100% to hit)
The magic dart hits something but does no damage.
Aiming: Magic Dart (safe; 2% risk of failure)
Press: ? - help, Q - select action Shift-Dir - straight line, f/p - rat
Aim: a rat (100% to hit)
The magic dart hits something but does no damage.
Something hits you. Magic courses through your body.
Something hits you but does no damage.
Aiming: Magic Dart (safe; 2% risk of failure)
Press: ? - help, Q - select action Shift-Dir - straight line, f/p - rat
Aim: a rat (100% to hit)
The magic dart hits something.
Aiming: Magic Dart (safe; 2% risk of failure)
Press: ? - help, Q - select action Shift-Dir - straight line, f/p - rat
Aim: a rat (100% to hit)
The magic dart hits something but does no damage.
The rat twitches its whiskers.
Something hits you but does no damage.
Aiming: Magic Dart (safe; 2% risk of failure)
Press: ? - help, Q - select action Shift-Dir - straight line, f/p - rat
Aim: a rat (100% to hit)
The magic dart hits something but does no damage.
You hear some strange, mumbled words.
You are confused.
You're too confused to cast spells.
Unknown command.
You feel less wooden.
Your +0 robe unmelds from your body.
Something hits you.
* * * LOW HITPOINT WARNING * * *
You aren't carrying any potions.
You are too confused!
You are too confused!
You're too confused to move!
Something hits you!
Ouch! That really hurt!
You die...

####.###.... #.# ..
####### #.# #.....#
#.# #.....# #.#
#.....# #r# #.....###
#{# #.....'.# #.#
#.....#.# #@#
######†....#.# #.#
#....#.#'#.#.# #.#
#.##.#.....#.# #.#####
#.##.#.....#.###.....#
#.#.....##.#.##......#
#.#####..<...#...._..#
#.############.#.....#
#....................#


You could see a rat.

Vanquished Creatures
  A ball python (D:1)
  2 endoplasms (D:1)
  2 giant cockroaches (D:1)
  A goblin (D:1)
  2 hobgoblins
  A quokka (D:1)
  2 bats
  A frilled lizard (D:1)
  7 kobolds (D:1)
  5 rats (D:1)
24 creatures vanquished.

Vanquished Creatures (others)
  2 plants (D:1)
2 creatures vanquished.

Grand Total: 26 creatures vanquished

Notes
Turn   | Place    | Note
-------+----------+-------------------------------------------
     0 | D:1      | vishdafish the Demonspawn Conjurer began the quest for the
                  | Orb.
     0 | D:1      | Reached XP level 1. HP: 13/13 MP: 3/3
   203 | D:1      | Gained mutation: You have large cloven feet. [demonic
                  | ancestry]
   203 | D:1      | Reached XP level 2. HP: 3/19 MP: 0/5
   853 | D:2      | Noticed Sigmund
   932 | D:2      | Found a stormy altar of Qazlal.
  1021 | D:2      | Mangled by Sigmund

Illustrated notes

Levels and vault maps discovered:
D:1:      dpeg_arrival_shelter, layout_rooms, serial_forest,
          infiniplex_forest_straight_3, infiniplex_forest_straight_3,
          infiniplex_forest_clump_large, infiniplex_forest_lined_corner,
          infiniplex_forest_clump_double, infiniplex_forest_clump_diagonal,
          infiniplex_forest_clump_small, infiniplex_forest_fountain,
          amcnicky_mini_rare_corridor_liquid
D:2:      layout_basic, basic_altar, minmay_between, uniq_sigmund

Action                     || total
---------------------------++-------
  Melee: Unarmed           ||    10
         Whip              ||    13
         Kick              ||     2
         Punch             ||     1
   Cast: Magic Dart        ||    46
    Use: Potion            ||     4
 Armour: Robe              ||     6
         Skin              ||    14
  Dodge: Dodged            ||    21

Table legend: (Time is in decaauts)
 A = Elapsed time spent in this place.
 B = Non-inter-level travel time spent in this place.
 C = Inter-level travel time spent in this place.
 D = Time resting spent in this place.
 E = Time spent auto-exploring this place.
 F = Levels seen in this place.
 G = Mean time per level.
                   A        B        C        D        E       F      G
               +--------+--------+--------+--------+--------+-----+--------+
         Total |   1021 |    979 |     42 |      0 |    750 |   2 |  510.5 |
       Dungeon |   1021 |    979 |     42 |      0 |    750 |   2 |  510.5 |
               +--------+--------+--------+--------+--------+-----+--------+

Top non-repeatable levels by time:
     D:1: 876 daAuts
     D:2: 145 daAuts
